Map: Romanticide LE

Players

goblin

  • Race: Protoss Protoss
  • League: Master

DnS - Winner!

  • Race: Protoss Protoss
  • League: Master

Event: DreamHack SC2 Masters 2021 Summer

VOD

Have the link to the VOD?

Description

Time

  • Played on: May 29, 2021, 11:14 a.m.
  • Length: 11:55

All games in this series

Show
View Real Time Build Order
Export as new Build Order

goblin Protoss 

Build Orders: Phoenix Opening 

Get SALT Encoding   

  12  0:00  Probe  
  13  0:12  Probe  
  14  0:17  Pylon  
  14  0:24  Probe (Chrono Boost)  
  15  0:36  Probe (Chrono Boost), Gateway  
  16  0:44  Probe (Chrono Boost)  
  16  0:45  Assimilator  
  17  0:51  Probe  
  17  0:54  Assimilator  
  18  1:03  Probe (Chrono Boost)  
  19  1:07  Gateway  
  19  1:12  Probe (Chrono Boost)  
  19  1:17  Probe (Chrono Boost)  
  20  1:24  Cybernetics Core  
  21  1:29  Probe  
  22  1:36  Pylon  
  22  1:41  Probe  
  23  1:54  Probe  
  24  2:02  Stalker  
  24  2:07  Stalker  
  28  2:11  Warp Gate  
  28  2:13  Pylon  
  28  2:24  Stargate  
  28  2:32  Stalker  
  30  2:37  Stalker  
  31  3:07  Phoenix (Chrono Boost)  
  33  3:13  Nexus  
  33  3:23  Phoenix (Chrono Boost)  
  35  3:29  Probe  
  35  3:32  Pylon  
  36  3:43  Probe  
  36  3:44  Phoenix (Chrono Boost)  
  39  3:55  Probe  
  40  4:03  Phoenix (Chrono Boost)  
  40  4:08  Probe  
  43  4:14  Pylon  
  43  4:22  Probe (Chrono Boost)  
  44  4:26  Phoenix (Chrono Boost)  
  44  4:27  Probe (Chrono Boost)  
  47  4:36  Probe (Chrono Boost)  
  44  4:46  Probe  
  44  4:47  Probe, Phoenix  
  44  4:52  Stalker  
  46  4:54  Zealot  
  46  4:58  Probe  
  46  4:59  Shield Battery  
  49  5:02  Probe  
  50  5:11  Probe  
  51  5:16  Phoenix (Chrono Boost)  
  51  5:17  Stalker x2  
  57  5:22  Probe  
  57  5:23  Probe  
  57  5:24  Assimilator  
  57  5:27  Assimilator  
  59  5:34  Probe  
  59  5:35  Probe  
  61  5:40  Robotics Facility  
  61  5:46  Probe  
  62  5:51  Pylon  
  62  6:01  Probe x2  
  62  6:08  Nexus  
  62  6:09  Phoenix  
  64  6:12  Pylon  
  64  6:14  Probe x2  
  64  6:17  Pylon  
  66  6:26  Immortal (Chrono Boost)  
  66  6:30  Probe  
  66  6:32  Probe  
  72  6:38  Phoenix  
  72  6:43  Probe  
  73  6:49  Shield Battery  
  73  6:51  Zealot x2  
  77  6:55  Probe x2  
  77  6:56  Observer (Chrono Boost)  
  77  6:59  Robotics Facility  
  80  7:07  Shield Battery  
  80  7:08  Phoenix  
  82  7:09  Immortal (Chrono Boost)  
  86  7:16  Pylon  
  86  7:22  Probe x2 (Chrono Boost)  
  89  7:26  Probe (Chrono Boost)  
  89  7:33  Probe x2 (Chrono Boost), Phoenix  
  89  7:36  Probe (Chrono Boost)  
  94  7:38  Probe x2 (Chrono Boost)  
  94  7:42  Immortal (Chrono Boost)  
  96  7:50  Pylon  
  104  7:52  Probe, Immortal (Chrono Boost)  
  104  7:53  Probe  
  104  7:55  Probe  
  107  7:59  Phoenix  
  109  8:06  Gateway  
  109  8:08  Gateway  
  109  8:09  Pylon  
  109  8:16  Forge  
  109  8:22  Immortal  
  109  8:26  Assimilator  
  113  8:27  Assimilator  
  113  8:35  Fleet Beacon  
  113  8:37  Stargate  
  111  8:51  Probe  
  111  8:52  Probe x2, Protoss Air Weapons Level 1  
  112  9:01  Phoenix (Chrono Boost)  
  112  9:03  Probe  
  112  9:04  Probe  
  112  9:07  Immortal x2  
  112  9:08  Pylon  
  122  9:12  Photon Cannon  
  122  9:15  Pylon  
  122  9:16  Shield Battery  
  122  9:24  Carrier (Chrono Boost)  
  127  9:33  Carrier (Chrono Boost)  
  127  9:37  Photon Cannon, Pylon  
  133  9:43  Photon Cannon  
  133  9:46  Observer  
  133  9:48  Photon Cannon  
  133  9:49  Shield Battery  
  134  9:55  Sentry  
  134  9:56  Sentry  
  134  9:59  Pylon  
  138  10:00  Pylon  
  138  10:02  Pylon  
  138  10:04  Pylon  
  138  10:09  Pylon  
  138  10:10  Photon Cannon  
  138  10:15  Gateway  
  138  10:17  Gateway, Photon Cannon  
  108  10:36  Zealot x2  
  108  10:37  Zealot x2  
  108  10:42  Probe x2  
  89  10:45  Carrier (Chrono Boost)  
Show
View Real Time Build Order
Export as new Build Order

DnS Protoss - Winner!

Build Orders: Phoenix Opening, Blink Stalkers, Zealot Archon 

Get SALT Encoding   

  12  0:00  Probe  
  13  0:12  Probe  
  14  0:17  Pylon  
  14  0:24  Probe (Chrono Boost)  
  15  0:36  Probe (Chrono Boost), Gateway  
  16  0:43  Probe (Chrono Boost)  
  16  0:46  Assimilator  
  17  0:51  Probe  
  18  0:57  Assimilator  
  18  1:03  Probe (Chrono Boost)  
  19  1:09  Gateway  
  19  1:13  Probe (Chrono Boost)  
  20  1:18  Probe  
  21  1:26  Cybernetics Core  
  21  1:30  Probe  
  22  1:34  Pylon  
  22  1:42  Probe  
  23  1:55  Probe  
  24  2:02  Stalker x2  
  24  2:03  Warp Gate  
  28  2:12  Pylon  
  28  2:18  Probe  
  29  2:33  Sentry  
  29  2:34  Sentry  
  33  2:46  Nexus  
  33  2:47  Probe  
  34  2:59  Probe  
  34  3:00  Sentry  
  34  3:01  Pylon  
  37  3:11  Probe, Twilight Council  
  38  3:21  Shield Battery  
  38  3:24  Probe  
  39  3:36  Probe (Chrono Boost)  
  40  3:42  Phoenix  
  40  3:46  Blink (Chrono Boost)  
  40  3:48  Probe (Chrono Boost)  
  41  3:58  Probe (Chrono Boost)  
  41  4:00  Probe (Chrono Boost), Stalker  
  41  4:01  Stalker  
  47  4:07  Probe (Chrono Boost)  
  47  4:08  Probe (Chrono Boost)  
  49  4:15  Probe (Chrono Boost)  
  51  4:19  Probe (Chrono Boost)  
  51  4:21  Probe (Chrono Boost)  
  52  4:25  Probe (Chrono Boost)  
  52  4:26  Stalker  
  52  4:27  Stalker  
  52  4:28  Probe  
  58  4:37  Probe  
  58  4:40  Probe  
  59  4:49  Probe  
  56  4:53  Stalker  
  56  4:54  Stalker  
  56  4:55  Forge  
  60  5:01  Probe  
  60  5:02  Nexus  
  60  5:04  Pylon  
  61  5:09  Probe  
  61  5:11  Assimilator  
  58  5:18  Stalker x2  
  62  5:22  Probe  
  62  5:23  Robotics Facility  
  62  5:26  Pylon  
  62  5:28  Probe  
  64  5:31  Protoss Ground Weapons Level 1  
  64  5:37  Probe  
  64  5:40  Probe  
  66  5:43  Stalker x2  
  66  5:49  Probe  
  71  5:53  Probe  
  71  5:54  Gateway  
  71  5:55  Gateway, Charge  
  72  6:01  Probe  
  72  6:05  Probe  
  72  6:10  Stalker x2  
  77  6:14  Probe (Chrono Boost)  
  77  6:16  Probe (Chrono Boost)  
  77  6:18  Probe (Chrono Boost)  
  80  6:20  Observer  
  80  6:22  Shield Battery  
  83  6:26  Probe (Chrono Boost)  
  83  6:27  Probe (Chrono Boost)  
  83  6:29  Probe (Chrono Boost)  
  83  6:30  Probe (Chrono Boost)  
  83  6:32  Probe (Chrono Boost)  
  85  6:37  Probe, Sentry  
  89  6:41  Probe, Assimilator  
  89  6:44  Probe  
  89  6:45  Gateway x2  
  91  6:49  Probe  
  91  6:53  Probe, Gateway  
  93  6:55  Gateway  
  93  6:57  Templar Archives  
  93  7:00  Pylon x2  
  93  7:02  Photon Cannon  
  93  7:17  Nexus  
  93  7:18  Probe  
  93  7:19  Probe x2  
  93  7:21  Pylon  
  96  7:23  Zealot x4  
  96  7:27  Pylon  
  104  7:30  Probe  
  104  7:34  Probe x2  
  107  7:38  Pylon  
  107  7:40  Protoss Ground Weapons Level 2 (Chrono Boost)  
  107  7:42  Probe  
  108  7:48  High Templar  
  108  7:49  High Templar  
  108  7:50  Zealot x4  
  120  7:51  Pylon  
  120  7:53  Archon  
  120  7:55  Pylon  
  120  7:56  Pylon, Shield Battery  
  120  8:12  Gateway  
  120  8:13  Gateway, High Templar  
  120  8:14  High Templar  
  120  8:15  Gateway, Zealot x2  
  120  8:17  Zealot x2  
  120  8:18  Archon  
  132  8:22  Warp Prism  
  134  8:28  Photon Cannon  
  134  8:33  Zealot x2  
  138  8:36  Pylon  
  138  8:38  High Templar x2  
  140  8:43  Archon  
  138  8:49  Gateway  
  138  8:50  Pylon  
  134  8:57  Zealot x3, Stalker x2  
  134  8:58  Zealot  
  142  9:06  Probe (Chrono Boost)  
  142  9:07  Probe (Chrono Boost)  
  144  9:15  Probe (Chrono Boost)  
  144  9:16  Probe (Chrono Boost)  
  146  9:19  High Templar x2, Zealot  
  146  9:20  Zealot x6  
  146  9:23  Archon  
  164  9:29  Observer  
  164  9:33  Observer  
  164  9:40  Zealot x3  
  164  9:41  Zealot x6  
  164  9:44  Pylon  
  164  9:45  Pylon  
  182  9:46  Pylon  
  182  9:56  Observer  
  182  10:06  Zealot x2  
  182  10:07  Zealot x5  
  186  10:08  Nexus  
  186  10:13  Pylon  
  182  10:30  Zealot x7  
  152  10:45  High Templar x2  
  152  10:46  High Templar  
  152  10:47  High Templar  
  152  10:49  Archon  
  144  10:51  Archon  
  144  10:52  Zealot x7  
Tags
 
Add a new tag
Caveats
  • Supply blocks, unpowered buildings, or Contaminate may cause inaccurate times.
  • Supply counts are checked every 10 seconds.